 Dungeon Crawl Stone Soup version 0.30.1-11-g7821555f0a (webtiles) character file.

Game seed: 18201198454672936860

25 BigPumpCobain the Ruffian (level 2, 0/24 HPs)
             Began as a Draconian Transmuter on Dec 3, 2023.
             Frozen to death by an endoplasm (5 damage)
             ... on level 2 of the Dungeon.
             The game lasted 00:01:55 (816 turns).

BigPumpCobain the Ruffian (Draconian Transmuter)     Turns: 816, Time: 00:01:56

Health: 0/24       AC:  4    Str: 12    XL:     2   Next: 86%
Magic:  5/5        EV: 12    Int: 13    God:
Gold:   52         SH:  0    Dex: 11    Spells: 4/5 levels left

rFire   . .          .
                       - Unarmed
rCold   . . .        (no shield)
rNeg    . . .        (body armour unavailable)
rPois   .            (helmet restricted)
rElec   .            (no cloak)
rCorr   .            (no gloves)
SInv    .            (no boots)
Will    .....        (no amulet)
Stlth   +            i - ring of wizardry
HPRegen 0.24/turn    (no ring)
MPRegen 0.09/turn

%: wizardry (x1)
@: no status effects
A: AC +4, unfitting armour, cold-blooded
a: no special abilities


You were on level 2 of the Dungeon.
You visited 1 branch of the dungeon, and saw 2 of its levels.

You collected 52 gold pieces.

Inventory:

Jewellery
 i - a ring of wizardry (left hand)
 j - a ring of flight
Scrolls
 f - 3 scrolls of identify {unknown}
 h - 2 scrolls of blinking {unknown}
Potions
 a - a potion of lignification
 b - 2 potions of degeneration {unknown}
 c - a potion of curing {unknown}
 d - 2 potions of ambrosia {unknown}
 e - a potion of cancellation {unknown}
 g - a potion of heal wounds {unknown}


   Skills:
 + Level 1.7 Fighting
 - Level 1.7 Dodging
 + Level 3.3 Unarmed Combat
 + Level 2.3 Spellcasting
 + Level 2.3 Transmutations


You had 4 spell levels left.
You knew the following spells:

 Your Spells              Type           Power      Damage    Failure   Level
a - Beastly Appendage     Tmut           14%        N/A       4%          1

Your spell library contained the following spells:

 Spells                   Type           Power      Damage    Failure   Level
 Wereblood                Tmut           7%         N/A       6%          2
 Spider Form              Tmut/Pois      4%         N/A       17%         3
 Ice Form                 Ice/Tmut       4%         N/A       50%         4


Dungeon Overview and Level Annotations

Branches:
Dungeon (2/15)

Altars:


Innate Abilities, Weirdness & Mutations

Your plain brown scales are hard. (AC +4)
You cannot fit into any form of body armour.
You are cold-blooded and may be slowed by cold attacks.


Message History

No target in view!
No target in view!
No target in view!
No target in view!
No target in view!
No target in view!
No target in view!
No target in view!
An adder and an endoplasm come into view.
The adder hisses angrily.
The endoplasm quivers.
You hit the worm.
You headbutt the worm, but do no damage.
The worm is lightly wounded.
The worm bites you.
You barely miss the worm.
You headbutt the worm, but do no damage.
You miss the adder. The adder closely misses you. The worm bites you!
The adder closely misses you.
You barely miss the adder.
The endoplasm hits you but does no damage.
The adder bites you. The worm closely misses you.
You miss the adder. Your kick misses the adder.
The endoplasm hits you but does no damage.
The adder bites you.
You are too injured to fight recklessly!
The adder attacks as you move away! The adder bites you.
* * * LOW HITPOINT WARNING * * *
Your horns disappear.
Your talons disappear.
The adder bites you but does no damage.
You hit the adder.
Your tail-slap misses the adder.
The adder is moderately wounded.
The endoplasm barely misses you. The adder bites you.
* * * LOW HITPOINT WARNING * * *
You hit the adder.
Your tail-slap misses the adder.
The adder is heavily wounded.
The adder closely misses you. The endoplasm freezes you.
You are frozen.
You die...

...... ##.....#
#...(..# #......#
.####+#?.....# #.)....
#....# #......
#....#####
.......##...†.†..#
.......wS@....##.#
.......!J.....##.#
.............###.#####
.............# #.#...#
....!........###.....#
......##)....##......#
...... ########...#..#
.####. #......##
#...#<..#


You could see a worm, an adder and an endoplasm.

Vanquished Creatures
  3 bats (D:1)
  3 endoplasms (D:1)
  2 giant cockroaches (D:1)
  A hobgoblin (D:1)
  2 kobolds (D:1)
  2 quokkas (D:1)
  6 ball pythons
  4 rats
23 creatures vanquished.

Notes
Turn   | Place    | Note
-------+----------+-------------------------------------------
     0 | D:1      | BigPumpCobain the Draconian Transmuter began the quest for
                  | the Orb.
     0 | D:1      | Reached XP level 1. HP: 16/16 MP: 3/3
   135 | D:1      | Reached XP level 2. HP: 21/23 MP: 3/5
   816 | D:2      | Frozen to death by an endoplasm

Illustrated notes

Levels and vault maps discovered:
D:1:      co_arrival_hexagon_in_a_hexagon, layout_basic, minmay_tromino_v4_b
D:2:      layout_basic, wander_ebering_terrifying_dragon_lair

Action                     || total
---------------------------++-------
  Melee: Unarmed           ||    52
         Kick              ||    12
         Headbutt          ||     5
         Tailslap          ||     3
   Cast: Beastly Appendage ||    16
   Stab: Sleeping          ||     1
 Armour: Skin              ||    17
  Dodge: Dodged            ||    29
